 Dungeon Crawl Stone Soup version 0.27-a0-1188-g73eefd5def (webtiles) character file.

Game seed: 7780651451405159558

300 siradein the Cutter (level 6, -4/41 HPs)
             Began as a Vampire Enchanter on May 22, 2021.
             Slain by Grinder (7 damage)
             ... on level 3 of the Dungeon.
             The game lasted 00:13:51 (3293 turns).

siradein the Cutter (Vampire Enchanter)             Turns: 3293, Time: 00:13:51

Health: -4/41      AC:  9    Str:  7    XL:     6   Next: 13%
Magic:  9/9        EV:  2    Int: 18    God:
Gold:   77         SH:  0    Dex: 16    Spells: 2/9 levels left

rFire    . . .     SeeInvis +   p - +1 dagger (vamp)
rCold    . . .     Faith    .   (no shield)
rNeg     . . .     Spirit   .   d - +0 chain mail
rPois    .         Reflect  .   m - +0 helmet
rElec    .         Harm     .   t - scarf {repulsion}
rCorr    .         Rampage  .   (no gloves)
Will     .....                  (no boots)
Stlth    ..........             (no amulet)
HPRegen  0.33/turn              (no ring)
MPRegen  0.11/turn              (no ring)

@: healing quickly, repel missiles
A: alive, fangs 3, see invisible, vampiric 2
a: Exsanguinate


You were on level 3 of the Dungeon.
You visited 1 branch of the dungeon, and saw 4 of its levels.

You collected 77 gold pieces.

Inventory:

Hand Weapons
 k - a +1 dagger of venom
 p - a +1 vampiric dagger (weapon)
Armour
 d - a +0 chain mail (worn)
 g - a +0 tower shield
 m - a +0 helmet (worn)
 t - a scarf of repulsion (worn)
Wands
 l - a wand of polymorph (3)
Scrolls
 a - a scroll of fog {unknown}
 b - 3 scrolls of enchant armour {unknown}
 e - 4 scrolls of identify {unknown}
 h - a scroll of immolation {unknown}
 n - a scroll of magic mapping {unknown}
 q - a scroll of teleportation {unknown}
 r - a scroll of fear {unknown}
 s - a scroll of summoning {unknown}
Potions
 c - 2 potions of invisibility {unknown}
 f - a potion of attraction {unknown}
 i - a potion of curing
 j - a potion of berserk rage {unknown}


   Skills:
 + Level 6.9 Short Blades
 - Level 2.1 Dodging
 - Level 4.4 Stealth
 - Level 2.0 Spellcasting
 - Level 4.4 Hexes


You had 2 spell levels left.
You knew the following spells:

 Your Spells              Type           Power      Damage    Failure   Level
a - Corona                Hex            18%        N/A       100%        1
b - Tukima's Dance        Hex            17%        N/A       100%        3
c - Confusing Touch       Hex            17%        N/A       100%        3

Your spell library contained the following spells:

 Spells                   Type           Power      Damage    Failure   Level
 Ensorcelled Hibernation  Hex/Ice        18%        N/A       100%        2
 Dazzling Flash           Conj/Hex       18%        N/A       100%        3


Dungeon Overview and Level Annotations

Branches:
Dungeon (4/15)
 Temple: D:4-7

Altars:

Annotations:
D:2 1 runed translucent door, Crazy Yiuf
D:3 Grinder


Innate Abilities, Weirdness & Mutations

Your natural rate of healing is accelerated.
You have razor-sharp teeth.
You have supernaturally acute eyesight. (SInv)
You are afflicted with vampirism and can become a bat while bloodless.


Message History

Grinder is lightly wounded.
You hit Grinder.
Grinder is lightly wounded.
Grinder hits you.
* * * LOW HITPOINT WARNING * * *
You writhe in agony.
* * * LOW HITPOINT WARNING * * *
Your chain mail prevents you from hitting Grinder.
Grinder is lightly wounded.
Grinder gestures at you. You resist with some effort.
It was a potion of curing.
You feel better. Grinder completely misses you.
Your chain mail prevents you from hitting Grinder.
Grinder is lightly wounded.
You barely miss Grinder.
Grinder is lightly wounded.
Grinder hits you but does no damage.
You hit Grinder.
Grinder is lightly wounded.
Grinder hits you.
You hit Grinder but do no damage.
Grinder is lightly wounded.
You completely miss Grinder.
Grinder is lightly wounded.
Grinder hits you!
* * * LOW HITPOINT WARNING * * *
You writhe in agony.
* * * LOW HITPOINT WARNING * * *
You hit Grinder but do no damage.
Grinder is lightly wounded.
Grinder hits you.
* * * LOW HITPOINT WARNING * * *
You writhe in agony.
* * * LOW HITPOINT WARNING * * *
You hit Grinder but do no damage. You bite Grinder.
Grinder is lightly wounded.
You hit Grinder but do no damage. You bite Grinder.
Grinder is moderately wounded.
Grinder hits you!
You die...

................. ........# #....
###..............#........# #....
##......).............<..# #....
##..............#....... #....
................#....... #....
.....###........#....... #....
.................................
...............5†................
................@................
.................................
................#................
................#................
................#................
................#######.
####.....##....# #.....##....#
#..... ######


You could see Grinder.

Vanquished Creatures
  A howler monkey (D:4)
  An orc priest (D:4)
  Natasha (D:2)
  2 orc wizards (D:4)
  Robin (D:2)
  3 adders
  2 dart slugs
  14 orcs
  2 bats
  10 endoplasms
  3 giant cockroaches
  6 hobgoblins
  9 jackals
  5 kobolds
  2 quokkas
  8 ball pythons
  5 frilled lizards
  14 goblins
  4 rats
93 creatures vanquished.

Notes
Turn   | Place    | Note
-------+----------+-------------------------------------------
     0 | D:1      | siradein the Vampire Enchanter began the quest for the Orb.
     0 | D:1      | Reached XP level 1. HP: 13/13 MP: 3/3
   236 | D:1      | Reached skill level 2 in Short Blades
   248 | D:1      | Reached XP level 2. HP: 12/19 MP: 5/5
   569 | D:1      | Reached skill level 3 in Short Blades
  1188 | D:2      | Gained mutation: You are afflicted with vampirism and can
                  | become a bat while bloodless. [Vampire growth]
  1188 | D:2      | Reached XP level 3. HP: 19/24 MP: 6/6
  1215 | D:2      | Found a faded altar of an unknown god.
  1336 | D:2      | Noticed Robin
  1358 | D:2      | Killed Robin
  1443 | D:1      | Reached skill level 4 in Short Blades
  1621 | D:2      | Reached XP level 4. HP: 30/30 MP: 7/7
  1767 | D:2      | Noticed Natasha
  1774 | D:2      | Killed Natasha
  1775 | D:2      | Reached skill level 5 in Short Blades
  1816 | D:2      | You fall into a shaft and drop 2 floors!
  1866 | D:4      | Reached XP level 5. HP: 19/35 MP: 8/8
  2091 | D:4      | Reached skill level 6 in Short Blades
  2404 | D:3      | Reached XP level 6. HP: 41/41 MP: 9/9
  3071 | D:2      | Found a runed translucent door.
  3072 | D:2      | Noticed Crazy Yiuf
  3153 | D:3      | Learned a level 3 spell: Tukima's Dance
  3157 | D:3      | Learned a level 3 spell: Confusing Touch
  3266 | D:3      | Noticed Grinder
  3291 | D:3      | HP: 2/41 [Grinder (3)]
  3293 | D:3      | Slain by Grinder

Illustrated notes

Levels and vault maps discovered:
D:1:      giann_bridges, layout_basic
D:2:      kennysheep_six_static_rooms, layout_rooms,
          hellmonk_ecumenical_altar_arch_garden, uniq_robin,
          uniq_crazy_yiuf_cottage, uniq_natasha
D:3:      layout_basic, uniq_grinder
D:4:      layout_basic, nicolae_yredelemnul_ghost_church,
          minmay_misc_feat_four_crosses

Skill      XL: |  1  2  3  4  5 |
---------------+----------------+-----
Short Blades   | 2 3 4 5 6 |  6.9
Dodging        | |  2.1
Stealth        | |  4.4
Spellcasting   | |  2.0
Hexes          | |  4.4

Action                   |  1- 3 |  4- 6 || total
-------------------------+-------+-------++-------
Melee: Dagger            |   205 |   349 ||   554
       Bite              |    17 |    45 ||    62
  Use: Potion            |       |     1 ||     1
Armor: Chain mail        |   145 |   158 ||   303
Dodge: Dodged            |    14 |    30 ||    44
Block: Tower shield      |     1 |       ||     1

Table legend: (Time is in decaauts)
 A = Elapsed time spent in this place.
 B = Non-inter-level travel time spent in this place.
 C = Inter-level travel time spent in this place.
 D = Time resting spent in this place.
 E = Time spent auto-exploring this place.
 F = Levels seen in this place.
 G = Mean time per level.
                   A        B        C        D        E       F      G
               +--------+--------+--------+--------+--------+-----+--------+
         Total |   3159 |   2946 |    213 |    146 |   1785 |   4 |  789.8 |
       Dungeon |   3159 |   2946 |    213 |    146 |   1785 |   4 |  789.8 |
               +--------+--------+--------+--------+--------+-----+--------+

Top non-repeatable levels by time:
     D:1: 1279 daAuts
     D:2: 816 daAuts
     D:3: 673 daAuts
     D:4: 391 daAuts
